 Dungeon Crawl Stone Soup version 0.20-a0-835-gd6476b5 (webtiles) character file.

28779 AlphabetPasta the Destroyer (level 12, 0/89 HPs)
             Began as a Demigod Conjurer on Mar 7, 2017.
             Slain by a seven-headed hydra (7 damage)
             ... on level 12 of the Dungeon.
             The game lasted 01:32:32 (15384 turns).

AlphabetPasta the Destroyer (Demigod Conjurer)     Turns: 15384, Time: 01:32:33

Health: 0/89       AC: 11    Str: 11    XL:     12   Next: 78%
Magic:  16/32      EV: 13    Int: 27    God:
Gold:   763        SH:  0    Dex: 16    Spells: 8/34 levels left

rFire    . . .     SeeInvis .   c - staff of conjuration
rCold    . . .     Gourm    .   O - +0 acid dragon scales
rNeg     . . .     Faith    .   (no shield)
rPois    +         Spirit   .   n - +0 helmet
rElec    .         Reflect  .   u - +0 cloak
rCorr    +         Harm     .   m - +1 pair of gloves
MR       ++...                  (no boots)
Stlth    ++........             (no amulet)
Regen    0.3/turn               E - ring of poison resistance
MPRegen  0.3/turn               s - ring of protection from magic

@: no status effects
A: high mp 1
a: no special abilities


You were on level 12 of the Dungeon.
You were not hungry.

You visited 2 branches of the dungeon, and saw 13 of its levels.
You also visited: Labyrinth and Bailey.

You collected 835 gold pieces.
You spent 72 gold pieces at shops.

Inventory:

Hand Weapons
 a - a +2 hand axe of electrocution
Missiles
 w - 29 tomahawks of returning (quivered)
Armour
 m - a +1 pair of gloves (worn)
 n - a +0 helmet (worn)
 u - a +0 cloak (worn)
 B - a +3 leather armour
 D - a +0 large shield
 O - +0 acid dragon scales (worn)
Magical Staves
 c - an uncursed staff of conjuration (weapon)
 p - an uncursed staff of power
Jewellery
 e - an uncursed amulet of regeneration {unknown}
 q - an uncursed amulet of guardian spirit {unknown}
 s - a ring of protection from magic (left hand)
 E - a ring of poison resistance (right hand)
 K - an uncursed amulet of guardian spirit {unknown}
Wands
 y - a wand of random effects (24/48)
 A - a wand of acid (6/15)
 I - a wand of iceblast (6/15)
 L - a wand of scattershot (2/9)
 M - a wand of confusion (25/48)
 N - a wand of iceblast (4/15)
 P - a wand of acid (9/15)
Scrolls
 d - 7 scrolls of teleportation
 f - a scroll of fog
 g - 3 scrolls of enchant armour
 i - 3 scrolls of amnesia
 r - a scroll of blinking
 t - a scroll of remove curse
 v - 5 scrolls of recharging
 C - 3 scrolls of enchant weapon
Potions
 h - a potion of resistance
 j - 7 potions of curing
 k - 3 potions of heal wounds
 o - 3 potions of berserk rage
 x - 2 potions of ambrosia
 z - a potion of agility
 J - 2 potions of flight
 T - 2 potions of might
Books
 b - a book of Conjurations

   Spells                             Type                      Level
   a - Magic Dart                     Conjuration                  1
   b - Searing Ray                    Conjuration                  2
   c - Dazzling Spray                 Conjuration/Hexes            3
   d - Fulminant Prism                Conjuration/Hexes            4
   e - Force Lance                    Conjuration/Translocation    4
   f - Iskenderun's Mystic Blast      Conjuration                  4
 Q - a book of Flames

   Spells                             Type                      Level
   a - Flame Tongue                   Conjuration/Fire             1
   b - Throw Flame                    Conjuration/Fire             2
   c - Conjure Flame                  Conjuration/Fire             3
   d - Inner Flame                    Hexes/Fire                   3
   e - Sticky Flame                   Conjuration/Fire             4
   f - Fireball                       Conjuration/Fire             5
Miscellaneous
 H - a lamp of fire (inert)
 U - a fan of gales
Comestibles
 l - a meat ration
 F - 10 bread rations
 G - 10 royal jellies
 S - 4 fruits


   Skills:
 - Level 3.3 Fighting
 + Level 3.3 Staves
 - Level 2.6 Armour
 - Level 3.3 Dodging
 - Level 1.7 Stealth
 - Level 4.0 Shields
 * Level 11.6 Spellcasting
 * Level 13.0 Conjurations
 - Level 2.6 Evocations


You had 8 spell levels left.
You knew the following spells:

 Your Spells              Type           Power        Failure   Level  Hunger
a - Magic Dart            Conj           ####         1%          1    None
b - Searing Ray           Conj           ######       1%          2    None
c - Dazzling Spray        Conj/Hex       ######       1%          3    None
d - Iskenderun's Mystic   Conj           #######.     1%          4    None
e - Force Lance           Conj/Tloc      ######..     4%          4    None
f - Sticky Flame          Conj/Fire      ######..     4%          4    None
g - Fireball              Conj/Fire      ######....   14%         5    ###....
h - Mephitic Cloud        Conj/Pois/Air  ######..     2%          3    None


Dungeon Overview and Level Annotations

Branches:
Dungeon (12/15)            Temple (1/1) D:4            Lair (0/6) D:8
    Orc (0/2) D:11

Shops:
D:9 [


Innate Abilities, Weirdness & Mutations

You have an increased reservoir of magic. (+10% MP)


Message History

Casting: Iskenderun's Mystic Blast
Confirm with . or Enter, or press ? or * to list all spells.
Aiming: Iskenderun's Mystic Blast
Press: ? - help, Shift-Dir - straight line, f - seven-headed hydra
Aim: a seven-headed hydra (heavily wounded)
You feel a surge of power!
The orb of energy hits the seven-headed hydra.
The seven-headed hydra is severely wounded.
The seven-headed hydra bites you but does no damage.
The seven-headed hydra bites you!
* * * LOW HITPOINT WARNING * * *
The seven-headed hydra bites you!
* * * LOW HITPOINT WARNING * * *
The seven-headed hydra bites you.
* * * LOW HITPOINT WARNING * * *
The seven-headed hydra bites you.
* * * LOW HITPOINT WARNING * * *
The seven-headed hydra bites you but does no damage.
The seven-headed hydra bites you!
You die...

#..########
#..).......
..
#.#########
#. #.# #. #.#
#. #.# #.
##.##########
#. .
.............
#D## ..#
##...######
#. #@###..#
###...#
#.###....#
###.#
#.#.###..#
##.## #.##
... ##.#.##
#.# #
##.###.####
#.# ###.##
##...# #.#
...## #...#
#.# ###.##
##...# #.#


You could see a seven-headed hydra.

Vanquished Creatures
  An orc warlord (Bailey)
  A minotaur (Lab)
  2 two-headed ogres
  An unseen horror (D:10)
  The ghost of Amciq the Cudgeler, a novice TrBe of Trog (D:6)
  3 cyclopes
  2 gargoyles (D:11)
  4 trolls
  Prince Ribbit (D:6)
  A slime creature (D:11)
  4 hippogriffs
  10 yaks
  A hungry ghost (D:11)
  An acid dragon (D:11)
  A soldier ant (D:12)
  A porcupine (D:8)
  Duvessa (D:5)
  15 orc warriors
  2 water moccasins
  3 sky beasts
  6 ice beasts
  6 ogres
  3 phantoms
  5 black bears
  9 centaurs
  2 crocodiles (D:8)
  A big kobold (D:11)
  8 bullfrogs
  Dowan (D:5)
  2 scorpions
  A water moccasin skeleton (D:9)
  3 killer bees (D:11)
  4 wights (D:11)
  3 howler monkeys
  The ghost of Raine357 the Sneak, a weakling KoAs (D:3)
  4 crimson imps
  3 bullfrog zombies
  7 hounds
  A quasit (D:10)
  Crazy Yiuf (D:5)
  10 orc priests
  11 jellies
  An iguana (D:4)
  6 worker ants
  10 orc wizards
  A hound zombie (D:9)
  3 hound skeletons
  A howler monkey zombie (D:5)
  2 worker ant zombies
  2 howler monkey skeletons
  11 adders
  8 gnolls (D:6)
  2 shadow imps (D:7)
  6 oozes
  An adder skeleton (D:6)
  3 worms
  3 leopard geckos
  61 orcs
  2 bats (D:2)
  5 giant cockroaches
  9 goblins
  10 hobgoblins
  11 jackals
  5 quokkas
  A giant cockroach zombie (D:1)
  25 kobolds
  A leopard gecko zombie (D:7)
  2 quokka skeletons (D:4)
  2 quokka zombies
  2 rats
344 creatures vanquished.

Vanquished Creatures (others)
  An adder (D:11)
  45 fungi
  7 plants (D:8)
53 creatures vanquished.

Grand Total: 397 creatures vanquished

Notes
Turn   | Place    | Note
-------+----------+-------------------------------------------
     0 | D:1      | AlphabetPasta the Demigod Conjurer began the quest for the Orb.
     0 | D:1      | Reached XP level 1. HP: 14/14 MP: 5/5
   756 | D:2      | Reached skill level 4 in Conjurations
   756 | D:2      | Reached XP level 2. HP: 20/20 MP: 1/7
  1026 | D:2      | Learned a level 2 spell: Searing Ray
  1070 | D:2      | Noticed a hand axe
  1070 | D:2      | Noticed a dagger
  1080 | D:2      | Found a hide-covered altar of Uskayaw.
  1271 | D:2      | Reached XP level 3. HP: 26/26 MP: 5/8
  1276 | D:2      | Learned a level 3 spell: Dazzling Spray
  2218 | D:3      | Noticed Raine357's ghost (weakling KoAs)
  2228 | D:3      | Killed Raine357's ghost
  2228 | D:3      | Reached XP level 4. HP: 24/33 MP: 6/10
  2333 | D:3      | Found a shattered altar of Ashenzari.
  2364 | D:3      | Reached skill level 5 in Conjurations
  2411 | D:3      | Found a glowing silver altar of Zin.
  2707 | D:3      | Learned a level 3 spell: Dazzling Spray
  2769 | D:4      | Reached XP level 5. HP: 38/38 MP: 8/12
  2775 | D:4      | Learned a level 4 spell: Iskenderun's Mystic Blast
  2904 | D:4      | Found a staircase to the Ecumenical Temple.
  2927 | D:4      | Noticed a phantom
  3137 | D:4      | Killed a phantom
  3137 | D:4      | Reached XP level 6. HP: 33/45 MP: 0/15
  3197 | Temple   | Entered the Ecumenical Temple
  3371 | D:4      | Found a burning altar of Makhleb.
  3492 | D:4      | Found a shimmering altar of Xom.
  3627 | D:4      | Reached skill level 6 in Conjurations
  3855 | D:5      | Entered Level 5 of the Dungeon
  3855 | D:5      | Found a blossoming altar of Fedhas.
  4271 | D:5      | Reached XP level 7. HP: 49/50 MP: 9/17
  4342 | D:5      | Found a runed door.
  4346 | D:5      | Noticed Crazy Yiuf
  4350 | D:5      | Killed Crazy Yiuf
  4416 | D:5      | Noticed Duvessa
  4430 | D:5      | Killed Duvessa
  4453 | D:5      | Reached skill level 5 in Spellcasting
  4577 | D:5      | Noticed Dowan
  4675 | D:5      | Reached skill level 7 in Conjurations
  5352 | D:5      | Killed Dowan
  5442 | D:6      | Found a bloodstained altar of Trog.
  5534 | D:6      | Reached XP level 8. HP: 57/57 MP: 13/20
  5558 | D:6      | Noticed Prince Ribbit
  5567 | D:6      | Killed Prince Ribbit
  5640 | D:6      | Found a glowing golden altar of the Shining One.
  5794 | D:6      | Noticed Amciq's ghost (novice TrBe)
  5870 | D:6      | Reached skill level 8 in Conjurations
  6393 | D:6      | Killed Amciq's ghost
  6576 | D:7      | Noticed a hippogriff
  6576 | D:7      | Reached skill level 9 in Conjurations
  6576 | D:7      | Reached XP level 9. HP: 62/62 MP: 18/24
  7241 | D:8      | Noticed a two-headed ogre
  7249 | D:8      | Killed a two-headed ogre
  7249 | D:8      | Reached skill level 10 in Conjurations
  7664 | D:8      | Reached XP level 10. HP: 50/69 MP: 9/27
  8136 | D:8      | Found a staircase to the Lair.
  8664 | D:8      | Reached skill level 11 in Conjurations
  9083 | D:9      | Found Hima's Armour Shoppe.
  9098 | D:9      | Bought a +0 helmet for 72 gold pieces
  9184 | D:9      | Found a flagged portal.
  9261 | Bailey   | Entered a bailey
  9417 | Bailey   | Noticed an orc warlord
  9426 | Bailey   | Learned a level 4 spell: Force Lance
  9533 | Bailey   | Found a runed gate.
  9535 | Bailey   | Found a runed gate.
  9537 | Bailey   | Found a runed gate.
  9551 | Bailey   | Reached skill level 10 in Spellcasting
  9697 | Bailey   | Killed an orc warlord
 10311 | D:10     | Entered Level 10 of the Dungeon
 10348 | D:10     | Identified a scroll of acquirement
 10508 | D:10     | Killed an unseen horror
 10627 | D:10     | Reached XP level 11. HP: 71/74 MP: 15/30
 10868 | D:10     | Reached skill level 12 in Conjurations
 11808 | D:11     | Reached skill level 1 in Fighting
 11820 | D:11     | Noticed a two-headed ogre
 11883 | D:11     | Found a labyrinth entrance.
 11892 | Lab      | Entered a labyrinth
 12264 | Lab      | Noticed a minotaur
 12271 | Lab      | Killed a minotaur
 12280 | Lab      | Got a smoking great sword
 12286 | Lab      | Learned a level 4 spell: Sticky Flame
 12292 | Lab      | Learned a level 5 spell: Fireball
 12868 | D:11     | Reached skill level 1 in Staves
 13151 | D:11     | Killed a two-headed ogre
 13339 | D:11     | Reached XP level 12. HP: 89/89 MP: 31/31
 13782 | D:11     | Found a hide-covered altar of Uskayaw.
 14250 | D:11     | Found a staircase to the Orcish Mines.
 14932 | D:12     | Reached skill level 13 in Conjurations
 15352 | D:12     | Learned a level 3 spell: Mephitic Cloud
 15382 | D:12     | Noticed a seven-headed hydra
 15384 | D:12     | Slain by a seven-headed hydra

Vault maps used:
D:1:      saegor_arrival_fortress, nrook_mini_vaults,
          corexii_item_surrounded_by_moat
D:2:      dancing_weapons_uskayaw, first_bread
D:3:      ashenzari_conservatory_becter, nicolae_overflow_crystal_walls
D:4:      xom_teletrap_fun, old_standard_altar, minmay_temple_entry_junction
D:5:      grunt_ministairs_12, fedhas_altar_3, uniq_crazy_yiuf_cottage,
          uniq_duvessa
D:6:      lemuel_crystal_altar, tso_altar, uniq_prince_ribbit1
D:8:      due_lair_maze_entry_diamond
D:9:      enter_bailey_3, serial_shops, shop
D:11:     hiddenorc1_lemuel, lab_entry_generic, basic_altar,
          hangedman_little_slice_of_home, kennysheep_diamond
D:12:     uniq_urug
Temple:   nicolae_temple_elliptical
Lab:      labyrinth_watery, labyrinth_glass_1, nicolae_lab_t_cross,
          nicolae_lab_checkerboard
Bailey:   bailey_axe_bossmonster_kennysheep, bailey

Skill      XL: |  1  2  3  4  5  6  7  8  9 10 11 12 |
---------------+-------------------------------------+-----
Conjurations   | 4 5 6 7 9 10 11 12 13 | 13.0
Spellcasting   | 2 3 4 5 7 9 10 11 | 11.6
Fighting       | 3 |  3.3
Staves         | 1 3 |  3.3
Armour         | 2 |  2.6
Dodging        | 3 |  3.3
Shields        | 4 |  4.0
Evocations     | 2 |  2.6
Stealth        | |  1.7

Action                   |  1- 3 |  4- 6 |  7- 9 | 10-12 || total
-------------------------+-------+-------+-------+-------++-------
Melee: Club              |     5 |     3 |       |       ||     8
       Hand axe          |       |       |     9 |    12 ||    21
       Staff             |       |       |       |     9 ||     9
 Cast: Magic Dart        |    67 |    96 |   181 |   193 ||   537
       Searing Ray       |     5 |    12 |    45 |   101 ||   163
       Iskenderun's Myst |       |       |    14 |    71 ||    85
       Force Lance       |       |       |       |     6 ||     6
       Sticky Flame      |       |       |       |     8 ||     8
       Fireball          |       |       |       |     1 ||     1
Evoke: Lamp of fire      |       |       |       |     1 ||     1
  Use: Scroll            |     5 |     5 |     5 |    15 ||    30
       Potion            |     1 |       |     1 |     4 ||     6
  Eat: Chunk             |     5 |     4 |     2 |    16 ||    27
       Meat ration       |       |     1 |     1 |     1 ||     3
       Fruit             |       |       |     1 |     3 ||     4
Armor: Robe              |     3 |     6 |    19 |    23 ||    51
       Acid dragon scale |       |       |       |    12 ||    12
       Leather armour    |       |       |       |     5 ||     5
Dodge: Dodged            |    10 |    28 |    43 |   119 ||   200
